 Dungeon Crawl Stone Soup version 0.29-a0-550-g81e455f4c2 (webtiles) character file.

Game seed: 12716918217908396532

51 Lekart the Skirmisher (level 3, -2/73 HPs)
             Began as a Draconian Abyssal Knight on June 5, 2022.
             Was a Believer of Lugonu.
             Slain by a gnoll
             ... wielding a +0 club
              (4 damage)
             ... on level 3 of the Dungeon.
             The game lasted 00:03:09 (1771 turns).

Lekart the Skirmisher (Draconian Abyssal Knight)    Turns: 1771, Time: 00:03:09

Health: -2/73      AC: 21    Str: 15    XL:     3   Next: 57%
Magic:  4/4        EV:  2    Int: 10    God:    Lugonu [**....]
Gold:   91         SH:  0    Dex: 13    Spells: 2/2 levels left

rFire   . . .      SeeInvis .   a - +1 hand axe
rCold   . . .      Faith    .   (no shield)
rNeg    . . .      Spirit   .   (body armour unavailable)
rPois   +          Reflect  .   (helmet currently unavailable)
rElec   .          Harm     .   (cloak currently unavailable)
rCorr   .          Rampage  .   (gloves currently unavailable)
Will    .....      NoTele   +   (boots currently unavailable)
Stlth   ..........              (no amulet)
HPRegen 0.22/turn               (no ring)
MPRegen 0.09/turn               (no ring)

@: berserking, tree-form, very quick
A: stationary, stasis, torment immunity, boosted hp, AC +5, unfitting armour,
(cold-blooded)
a: Renounce Religion, Depart the Abyss, Bend Space


You were on level 3 of the Dungeon.
You worshipped Lugonu.
Lugonu was pleased with you.
You were a tree.
You visited 1 branch of the dungeon, and saw 3 of its levels.
You visited the Abyss 1 time.

You collected 91 gold pieces.

Inventory:

Hand Weapons
 a - a +1 hand axe (weapon)
Scrolls
 b - a scroll of poison {unknown}
 c - a scroll of fear {unknown}
 d - 2 scrolls of teleportation {unknown}
 h - a scroll of vulnerability {unknown}
 i - a scroll of identify
Potions
 l - 2 potions of mutation {unknown}


   Skills:
 + Level 4.1 Fighting
 + Level 2.5 Axes
 + Level 2.5 Dodging
 * Level 2.4 Invocations


You had 2 spell levels left.
You didn't know any spells.
Your spell library contained the following spells:

 Spells                   Type           Power      Damage    Failure   Level
 Ensorcelled Hibernation  Hex/Ice        0%         N/A       50%         2
 Passwall                 Tmut/Erth      0%         N/A       50%         2
 Swiftness                Air            0%         N/A       75%         3


Dungeon Overview and Level Annotations

Branches:
Dungeon (3/15)

Altars:
The Shining One

Shops:
D:2 *


Innate Abilities, Weirdness & Mutations

You are a tree.
Your roots penetrate the ground, keeping you stationary.
You cannot be teleported.
You are immune to unholy pain and torment.
Your maximum health is greatly increased.
Your equipment is partially melded.
((Your plain brown scales are hard. (AC +5)))
You cannot fit into any form of body armour.
((You are cold-blooded and may be slowed by cold attacks.))


Message History

The giant cockroach is attracted toward you.
You feel less attractive to monsters. The giant cockroach barely misses you.
The giant cockroach bites you but does no damage.
The gnoll attacks as you move away! The gnoll misses you.
The giant cockroach attacks as you move away!
The giant cockroach misses you. The gnoll attacks as you move away!
The gnoll hits you but does no damage. Space bends violently around you!
You blink.
The dart slug launches a dart at you. The slug dart hits you.
* * * LOW HITPOINT WARNING * * *
The giant cockroach attacks as you move away!
The giant cockroach barely misses you.
You hit the giant cockroach.
You kill the giant cockroach!
Lugonu accepts your kill.
You aren't carrying any items that you can evoke.
It was a potion of flight.
You feel very buoyant.
You fly up into the air.
Really quaff the potion of lignification?
You turn into a tree.
Your roots penetrate the ground.
The gnoll hits you but does no damage.
You hit the gnoll but do no damage.
The gnoll is lightly wounded.
The gnoll hits you with a +0 club.
* * * LOW HITPOINT WARNING * * *
You closely miss the gnoll.
The gnoll is lightly wounded.
The gnoll hits you but does no damage.
You completely miss the gnoll.
The gnoll is lightly wounded.
The gnoll hits you with a +0 club.
* * * LOW HITPOINT WARNING * * *
It was a potion of berserk rage.
A red film seems to cover your vision as you go berserk!
You feel yourself moving faster!
You feel mighty! The gnoll hits you with a +0 club.
You die...

.........#.....?...#
#..................
#..................
#....#.............
#...........###....
###....w....# ...
#.........#
#....g....#
#....♣....#
#.........#
#.........#
#.........#
###########


You could see a gnoll and a dart slug.

Vanquished Creatures
  An adder (D:2)
  An ufetubus (Abyss:1)
  A worm (D:2)
  A dart slug (D:2)
  2 endoplasms (D:2)
  3 giant cockroaches
  4 goblins
  5 hobgoblins
  4 jackals (D:2)
  5 kobolds
  2 quokkas (D:2)
  A ball python (D:2)
  2 rats
32 creatures vanquished.

Notes
Turn   | Place    | Note
-------+----------+-------------------------------------------
     0 | Abyss:1  | Lekart the Draconian Abyssal Knight began the quest for the
                  | Orb.
     0 | Abyss:1  | Reached XP level 1. HP: 19/19 MP: 2/2
    57 | Abyss:1  | Noticed a raiju
   243 | Abyss:1  | Noticed a large abomination
   244 | D:1      | Escaped the Abyss
   913 | D:2      | Found a glowing golden altar of the Shining One.
   948 | D:2      | Reached XP level 2. HP: 26/26 MP: 3/3
   998 | D:2      | Reached ** piety under Lugonu
  1062 | D:2      | Found Miheck's General Store.
  1222 | D:2      | Reached skill level 4 in Fighting
  1222 | D:2      | Reached XP level 3. HP: 24/33 MP: 4/4
  1768 | D:3      | HP: 2/49 [gnoll/+0 club (3)]
  1771 | D:3      | Slain by a gnoll

Illustrated notes

Levels and vault maps discovered:
D:1:      giann_forest_graveyard, layout_basic
D:2:      layout_loops_ring, basic_altar, serial_shops, nicolae_shop_waterfront
D:3:      layout_basic, hellmonk_ecumenical_altar_slurped_away

Skill      XL: |  1  2 |
---------------+-------+-----
Fighting       | 4 |  4.1
Axes           | |  2.5
Dodging        | |  2.5
Invocations    | |  2.4

Action                   || total
-------------------------++-------
Melee: Hand axe          ||    98
       Punch             ||     2
       Tailslap          ||     8
Invok: Depart the Abyss  ||     1
       Bend Space        ||     4
  Use: Scroll            ||     4
       Potion            ||     6
 Stab: Sleeping          ||     1
Armor: Skin              ||    31
Dodge: Dodged            ||    71

Table legend: (Time is in decaauts)
 A = Elapsed time spent in this place.
 B = Non-inter-level travel time spent in this place.
 C = Inter-level travel time spent in this place.
 D = Time resting spent in this place.
 E = Time spent auto-exploring this place.
 F = Levels seen in this place.
 G = Mean time per level.
                   A        B        C        D        E       F      G
               +--------+--------+--------+--------+--------+-----+--------+
         Total |   1789 |   1776 |     13 |    123 |   1267 |   4 |  447.2 |
       Dungeon |   1544 |   1531 |     13 |      0 |   1190 |   3 |  514.7 |
         Abyss |    244 |    244 |      0 |    123 |     77 |   1 |  244.0 |
               +--------+--------+--------+--------+--------+-----+--------+

Top non-repeatable levels by time:
     D:2: 866 daAuts
     D:1: 653 daAuts
 Abyss:1: 244 daAuts
     D:3: 24 daAuts
